 Dungeon Crawl Stone Soup version 0.30-a0-778-g2ef04afb54 (webtiles) character file.

Game seed: 2213795218019690586

106 funkygono the Firebug (level 4, 0/27 HPs)
             Began as an Octopode Fire Elementalist on Feb 16, 2023.
             Slain by an ufetubus (4 damage)
             ... on level 4 of the Dungeon.
             The game lasted 00:03:36 (2938 turns).

funkygono the Firebug (Octopode Fire Elementalist)  Turns: 2938, Time: 00:03:36

Health: 0/27       AC:  1    Str: 13    XL:     4   Next: 84%
Magic:  1/7        EV: 13    Int: 19    God:
Gold:   136        SH:  0    Dex: 15    Spells: 0/7 levels left

rFire   . . .      SeeInvis .    n - +4 quarterstaff "Esug" {heavy, +Blink rElec Dex+3}
rCold   . . .      Faith    .    (shield currently unavailable)
rNeg    + . .      Spirit   .    (helmet restricted)
rPois   .          Reflect  .    (no amulet)
rElec   +          Harm     .    l - +6 ring of strength
rCorr   .          Rampage  .    m - ring of flight
Will    .....                    s - ring of positive energy
Stlth   ++                       (no ring)
HPRegen 0.24/turn                (no ring)
MPRegen 0.10/turn                (no ring)
                                 (no ring)
                                 (no ring)

@: confused, flying
A: almost no armour, amphibious, 8 rings, camouflage 1, gelatinous body 1,
(nimble swimmer 1), tentacles
a: Evoke Blink


You were on level 4 of the Dungeon.
You visited 1 branch of the dungeon, and saw 4 of its levels.

You collected 136 gold pieces.

Inventory:

Hand Weapons
 g - a +0 short sword
 n - the +4 quarterstaff "Esug" (weapon) {heavy, +Blink rElec Dex+3}
   (You found it on level 2 of the Dungeon)

   Dex:       It affects your dexterity (+3).
   rElec:     It insulates you from electricity.
   +Blink:    It lets you blink.
Missiles
 p - a throwing net
Jewellery
 l - a +6 ring of strength (left tentacle)
 m - a ring of flight (right tentacle)
 s - a ring of positive energy (on tentacle)
Wands
 r - a wand of paralysis (14)
 t - a wand of flame (13)
Scrolls
 b - 5 scrolls of teleportation {unknown}
 c - 2 scrolls of fear {unknown}
 e - a scroll of torment {unknown}
 f - a scroll of noise {unknown}
 h - 2 scrolls of enchant armour {unknown}
 i - a scroll of poison {unknown}
 k - 4 scrolls of identify {unknown}
 o - 2 scrolls of vulnerability {unknown}
 u - a scroll of silence {unknown}
Potions
 a - a potion of magic
 d - a potion of mutation {unknown}
 j - a potion of might {unknown}
 q - a potion of flight {unknown}
 v - 2 potions of haste {unknown}


   Skills:
 + Level 2.3 Dodging
 + Level 3.2 Stealth
 - Level 2.0 Spellcasting
 + Level 2.2 Conjurations
 + Level 4.5 Fire Magic


You couldn't memorise any spells.
You knew the following spells:

 Your Spells              Type           Power      Damage    Failure   Level
a - Foxfire               Conj/Fire      56%        2x1d6     4%          1
b - Scorch                Fire           38%        2d6       4%          2
c - Flame Wave            Conj/Fire      14%        2d6       38%         4

Your spell library contained the following spells:

 Spells                   Type           Power      Damage    Failure   Level
 Inner Flame              Hex/Fire       10%        N/A       21%         3
 Kindle Blastsparks       Fire/Tloc/Air  14%        2d11      26%         3


Dungeon Overview and Level Annotations

Branches:
Dungeon (4/15)
 Temple: D:4-7

Altars:

Annotations:
D:4 Blork the orc, Sigmund


Innate Abilities, Weirdness & Mutations

You cannot wear most types of armour.
You are amphibious.
You can wear up to eight rings at the same time.
Your skin changes colour to match your surroundings (Stealth+).
Your rubbery body absorbs attacks. (AC +1, EV +1)
((You are camouflaged when in or above water. (Stealth+)))
You have tentacles for arms and can constrict up to eight enemies at once.


Message History

Confirm with . or Enter, or press ? or * to list all spells.
You conjure some foxfire!
The foxfire hits Sigmund.
Sigmund is severely wounded.
The foxfire hits Sigmund.
Sigmund is severely wounded.
Blork the orc screams, "I'll make a cloak from your skin!"
Casting: Foxfire (safe; 4% risk of failure)
Confirm with . or Enter, or press ? or * to list all spells.
You don't have enough magic to cast this spell.
Casting: Foxfire (safe; 4% risk of failure)
Confirm with . or Enter, or press ? or * to list all spells.
You don't have enough magic to cast this spell.
Unknown command.
Casting: Foxfire (safe; 4% risk of failure)
Confirm with . or Enter, or press ? or * to list all spells.
You don't have enough magic to cast this spell.
Unknown command.
The foxfire hits the ufetubus.
The ufetubus is lightly wounded.
An adder comes into view.
The foxfire hits the ufetubus.
The ufetubus is burned terribly!
The ufetubus is almost dead.
Sigmund casts a spell at you. You resist with some effort.
Your magical contamination has completely faded away.
Blork the orc gestures at you while chanting.
The puff of flame misses you.
Sigmund points at you and mumbles some strange words.
You are confused.
The ufetubus hits you. The ufetubus misses you.
Sigmund gestures at you while chanting. The puff of flame hits you!
The ufetubus hits you. x2
* * * LOW HITPOINT WARNING * * *
Blork the orc screams, "Die!"
The ufetubus hits you.
* * * LOW HITPOINT WARNING * * *
The ufetubus closely misses you.
Blork the orc screams, "I'll decorate my home with your organs!"
The ufetubus hits you.
You die...

..................
......$...........
..................
..................
.........@o.......
.................#
................#
.........5.....##
..........@..###
...#######..## ###
##...# ###...##
#....## ##...##
#...## ##...#
#...##


You could see Blork the orc, Sigmund and an ufetubus.

Vanquished Creatures
  3 adders
  2 worms
  A dart slug (D:2)
  2 ball pythons
  6 bats
  7 endoplasms
  2 giant cockroaches
  5 goblins
  11 hobgoblins
  8 jackals
  2 quokkas (D:1)
  2 frilled lizards
  6 kobolds
  5 rats
62 creatures vanquished.

Vanquished Creatures (others)
  174 foxfires
174 creatures vanquished.

Grand Total: 236 creatures vanquished

Notes
Turn   | Place    | Note
-------+----------+-------------------------------------------
     0 | D:1      | funkygono the Octopode Fire Elementalist began the quest
                  | for the Orb.
     0 | D:1      | Reached XP level 1. HP: 11/11 MP: 3/3
   143 | D:1      | Reached XP level 2. HP: 17/17 MP: 1/5
   149 | D:1      | Learned a level 2 spell: Scorch
   976 | D:2      | Reached XP level 3. HP: 21/21 MP: 3/6
  1170 | D:2      | Reached skill level 4 in Fire Magic
  1254 | D:2      | Identified the +4 quarterstaff "Esug" {heavy, +Blink rElec
                  | Dex+3}
  1872 | D:3      | Reached XP level 4. HP: 27/27 MP: 2/7
  1883 | D:3      | Learned a level 4 spell: Flame Wave
  2325 | D:3      | Found a faded altar of an unknown god.
  2921 | D:4      | Noticed Sigmund
  2927 | D:4      | Noticed Blork the orc
  2938 | D:4      | Slain by an ufetubus

Illustrated notes

Levels and vault maps discovered:
D:1:      ebering_trefoil_3fold, layout_loops_ring, minmay_tiny_reverse_x
D:2:      layout_loops_ring, dreamdust_princess_corridor
D:3:      layout_rooms, shapermc_ecumenical_altar_starsandcircs,
          chequers_serial_rivers_micro_a
D:4:      layout_layer_cave, minmay_misc_feat_columns, uniq_sigmund,
          uniq_blork_the_orc, uniq_grinder

Skill      XL: |  1  2  3  4 |
---------------+-------------+-----
Stealth        | 3 |  3.2
Fire Magic     | 4 |  4.5
Conjurations   | 2 |  2.2
Dodging        | |  2.3
Spellcasting   | |  2.0

Action                     |  1- 3 |  4- 6 || total
---------------------------+-------+-------++-------
  Melee: Short sword       |     5 |       ||     5
         Tentacles         |     2 |       ||     2
         Constrict         |     1 |       ||     1
   Cast: Foxfire           |    60 |    45 ||   105
         Scorch            |     3 |     3 ||     6
 Armour: Skin              |     3 |       ||     3
  Dodge: Dodged            |    21 |     6 ||    27

Table legend: (Time is in decaauts)
 A = Elapsed time spent in this place.
 B = Non-inter-level travel time spent in this place.
 C = Inter-level travel time spent in this place.
 D = Time resting spent in this place.
 E = Time spent auto-exploring this place.
 F = Levels seen in this place.
 G = Mean time per level.
                   A        B        C        D        E       F      G
               +--------+--------+--------+--------+--------+-----+--------+
         Total |   2934 |   2846 |     88 |      0 |   2439 |   4 |  733.5 |
       Dungeon |   2934 |   2846 |     88 |      0 |   2439 |   4 |  733.5 |
               +--------+--------+--------+--------+--------+-----+--------+

Top non-repeatable levels by time:
     D:1: 941 daAuts
     D:2: 923 daAuts
     D:3: 918 daAuts
     D:4: 151 daAuts
